 Dungeon Crawl Stone Soup version 0.29.1-15-g9cfb28693d (webtiles) character file.

Game seed: 12644592448012205629

14 croobank the Charlatan (level 2, 0/20 (23) HPs)
             Began as a Gnoll Artificer on Apr 27, 2023.
             Slain by a goblin
             ... wielding a +0 dagger
              (2 damage)
             ... on level 2 of the Dungeon.
             The game lasted 00:02:24 (895 turns).

croobank the Charlatan (Gnoll Artificer)             Turns: 895, Time: 00:02:25

HP:   0/20 (23)     AC:  3    Str: 11    XL:     2   Next: 45%
MP:   2/2           EV: 12    Int: 10    God:
Gold: 0             SH:  0    Dex: 12    Spells: 0/1 levels left

rFire   . . .      SeeInvis .   a - +0 club
rCold   . . .      Faith    .   (no shield)
rNeg    . . .      Spirit   .   b - +0 leather armour
rPois   .          Reflect  .   (no helmet)
rElec   .          Harm     .   (no cloak)
rCorr   .          Rampage  .   (no gloves)
Will    .....                   (no boots)
Stlth   ++........              (no amulet)
HPRegen 0.06/turn               (no ring)
MPRegen 0.08/turn               (no ring)

@: heavily drained
A: fangs 1, strong nose, distributed training
a: no special abilities


You were on level 2 of the Dungeon.
You visited 1 branch of the dungeon, and saw 2 of its levels.

Inventory:

Hand Weapons
 a - a +0 club (weapon)
Armour
 b - a +0 leather armour (worn)
 g - a +0 ring mail
Wands
 c - a wand of flame (13) (quivered)
 d - a wand of charming (14)
 e - a wand of iceblast (5)


   Skills:
 + Level 2.5 Fighting
 + Level 0.4 Short Blades
 + Level 0.4 Long Blades
 + Level 0.4 Axes
 + Level 0.4 Maces & Flails
 + Level 0.4 Polearms
 + Level 0.4 Staves
 + Level 0.4 Ranged Weapons
 + Level 0.4 Throwing
 + Level 4.5 Armour
 + Level 2.5 Dodging
 + Level 2.2 Stealth
 + Level 0.4 Shields
 + Level 0.4 Unarmed Combat
 + Level 0.4 Spellcasting
 + Level 0.2 Conjurations
 + Level 0.2 Hexes
 + Level 0.2 Summonings
 + Level 0.2 Necromancy
 + Level 0.2 Translocations
 + Level 0.2 Transmutations
 + Level 0.2 Fire Magic
 + Level 0.2 Ice Magic
 + Level 0.2 Air Magic
 + Level 0.2 Earth Magic
 + Level 0.2 Poison Magic
 + Level 0.5 Invocations
 + Level 6.5 Evocations


You couldn't memorise any spells.
You knew the following spells:

 Your Spells              Type           Power      Damage    Failure   Level
a - Freeze                Ice            0%         1d3       38%         1

Your spell library contained the following spells:

 Spells                   Type           Power      Damage    Failure   Level
 Frozen Ramparts          Ice            0%         1d1       77%         3
 Hailstorm                Conj/Ice       0%         3d3       99%         4


Dungeon Overview and Level Annotations

Branches:
Dungeon (2/15)

Altars:

Annotations:
D:2 Terence


Innate Abilities, Weirdness & Mutations

You have very sharp teeth.
Your uncanny sense of smell can sniff out nearby items.
Your experience applies equally to all skills.


Message History

Found a stone staircase leading down.
Found a white potion.
A sourceless malevolence fills the Dungeon...
You fall into a shaft and drop 1 floor!
The shaft crumbles and collapses.
Terence the Incautious comes into view.
He is wielding a +2 mace of draining.
Terence shouts!
Found a stone staircase leading down.
A hobgoblin comes into view.
Terence shouts, "Get ready for death!"
The hobgoblin shouts!
The hobgoblin attacks as you move away! The hobgoblin completely misses you.
Found a scroll labelled ZOH PIX XAAGA.
The hobgoblin attacks as you move away!
The hobgoblin hits you but does no damage.
A goblin comes into view. It is wielding a +0 dagger.
Found a stone staircase leading up.
The hobgoblin attacks as you move away! The hobgoblin hits you.
Found a stone staircase leading down.
The hobgoblin closely misses you.
The goblin shouts!
You barely miss the goblin.
Terence hits you with a +2 mace of draining!
You feel drained. The goblin misses you.
You hit the goblin but do no damage.
Terence hits you with a +2 mace of draining.
You feel drained. The goblin closely misses you.
The air fills with toxic fumes!
As you read the scroll labelled IGUSMI QUSYIQ, it crumbles to dust.
It was a scroll of poison.
The goblin closely misses you.
Terence hits you with a +2 mace of draining.
* * * LOW HITPOINT WARNING * * *
You feel drained.
* * * LOW HITPOINT WARNING * * *
You aren't carrying any potions.
Aiming: Charm
Press: ? - help, Shift-Dir - straight line, f - Terence
Aim: Terence, wielding a +2 mace of draining and wearing a +0 chain mail (chance to affect: 72%) Terence is charmed.
The goblin hits you with a +0 dagger.
You die...

##.##.#
..#...#.#
#.#..#
#.###....
#.#.####..
.####
#.........
.##
##..##.###
#..# #.§#
#########§§#
§§§§§§g@@g§#
∆
§#########§#
...>.....#
#######?#.#
#.##.# #.#
.# #.# . #..
. #.. ##


You could see a hobgoblin, a goblin and the friendly Terence (charmed).

Vanquished Creatures
  A dart slug (D:1)
  2 endoplasms (D:1)
  A goblin (D:1)
  2 jackals (D:1)
  A quokka (D:1)
  2 frilled lizards (D:1)
  3 rats (D:1)
12 creatures vanquished.

Notes
Turn   | Place    | Note
-------+----------+-------------------------------------------
     0 | D:1      | croobank the Gnoll Artificer began the quest for the Orb.
     0 | D:1      | Reached XP level 1. HP: 17/17 MP: 1/1
   442 | D:1      | Reached XP level 2. HP: 6/23 MP: 2/2
   685 | D:1      | Learned a level 1 spell: Freeze
   859 | D:1      | You fall into a shaft and drop 1 floor!
   862 | D:2      | Noticed Terence
   895 | D:2      | Slain by a goblin

Illustrated notes

Levels and vault maps discovered:
D:1:      lightli_arrival_flooded_house, layout_basic
D:2:      layout_loops_ring, uniq_terence, uniq_crazy_yiuf_cottage,
          uniq_jessica, uniq_robin

Action                   || total
-------------------------++-------
Melee: Club              ||    44
       Bite              ||     5
       Punch             ||     1
Evoke: Wand              ||     3
  Use: Scroll            ||     1
 Stab: Sleeping          ||     1
Armor: Leather armour    ||    10
Dodge: Dodged            ||    32
